 Dungeon Crawl Stone Soup version 0.26.1-11-gd32895ea62 (webtiles) character file.

Game seed: 9268103994193865658

65 jlumianski the Caller (level 3, -5/15 HPs)
             Began as a Felid Summoner on May 27, 2021.
             Shot with a sling bullet by a gnoll (7 damage)
             ... on level 2 of the Dungeon.
             The game lasted 00:09:39 (3010 turns).

jlumianski the Caller (Felid Summoner)              Turns: 3010, Time: 00:09:39

Health: -5/15      AC:  1    Str:  2    XL:     3   Next: 92%
Magic:  0/8        EV: 18    Int: 17    God:
Gold:   74         SH:  0    Dex: 16    Spells: 2/8 levels left
                                        Lives:  0   Deaths: 0

rFire    . . .     SeeInvis +   (weapon unavailable)
rCold    . . .     Faith    .   (shield unavailable)
rNeg     . . .     Spirit   .   (armour unavailable)
rPois    .         Reflect  .   (helmet unavailable)
rElec    .         Harm     .   (cloak unavailable)
rCorr    .         Rampage  .   (gloves unavailable)
Will     .....     Rnd*Tele +   (boots unavailable)
Stlth    +++.......             (no amulet)
HPRegen  0.05/turn              (no ring)
MPRegen  0.11/turn              (no ring)

@: quick
A: very small, no armour, no weapons or thrown items, stealth, antennae 1, claws
1, fangs 3, see invisible, speed 1, robust 1, shaggy fur 1, teleportitis 1, weak
1, sharp paws
a: no special abilities


You were on level 2 of the Dungeon.
You visited 1 branch of the dungeon, and saw 2 of its levels.

You collected 74 gold pieces.

Inventory:

Scrolls
 a - a scroll of blinking {unknown}
 c - 3 scrolls of fog {unknown}
 d - 2 scrolls of magic mapping {unknown}
 e - 4 scrolls of identify {unknown}
 f - a scroll of amnesia {unknown}
 g - a scroll of teleportation {unknown}
Potions
 h - a potion of haste {unknown}


   Skills:
 * Level 0.2 Fighting
 + Level 2.8 Dodging
 + Level 2.8 Stealth
 * Level 0.1 Unarmed Combat
 + Level 3.0 Spellcasting
 + Level 4.7 Summonings


You had 2 spell levels left.
You knew the following spells:

 Your Spells              Type           Power        Failure   Level
a - Summon Small Mammal   Summ           72%          2%          1
b - Call Imp              Summ           18%          3%          2
c - Call Canine Familiar  Summ           18%          8%          3

Your spell library contained the following spells:

 Spells                   Type           Power        Failure   Level
 Summon Guardian Golem    Hex/Summ       10%          21%         3
 Summon Ice Beast         Ice/Summ       10%          54%         4
 Summon Lightning Spire   Summ/Air       10%          54%         4


Dungeon Overview and Level Annotations

Branches:
Dungeon (2/15)

Altars:


Innate Abilities, Weirdness & Mutations

You cannot wear armour.
You are incapable of wielding weapons or throwing items.
Your paws allow you to move quietly. (Stealth)
You have sharp claws.
You have razor-sharp teeth.
You have supernaturally acute eyesight. (SInv)
You cover ground quickly.
You are covered in fur. (AC +1)
Your sharp claws are effective at attacking unaware monsters.
You have a pair of small antennae on your head.
You are robust. (+10% HP)
You are occasionally teleported next to monsters.
You are weak. (Str -2)


Message History

Your rat's corpse disappears in a puff of smoke!
Your Spellcasting skill increases to level 3!
Casting: Summon Small Mammal (safe; 2% risk of failure)
Confirm with . or Enter, or press ? or * to list all spells.
The gnoll unwields a +0 hunting sling.
The gnoll wields a +0 club.
The gnoll closely misses your crimson imp.
Your crimson imp blinks!
Your hound disappears in a puff of smoke!
The gnoll unwields a +0 club.
The gnoll wields a +0 hunting sling.
The gnoll shoots a sling bullet.
The sling bullet hits you!
Ouch! That really hurt!
* * * LOW HITPOINT WARNING * * *
Found a stone staircase leading down.
The gnoll shoots a sling bullet.
The sling bullet hits your rat!
Your rat dies!
Your rat's corpse disappears in a puff of smoke!
Casting: Summon Small Mammal (safe; 2% risk of failure)
Confirm with . or Enter, or press ? or * to list all spells.
The gnoll shoots a sling bullet.
The sling bullet hits you!
You die...

###########.####
#####..............#
................##.#
.####.########..##.# .# #.#
#.....###### .# #.# #..........#
.# #.# #..........# .# #.#
##+###.r........# .# #.#
#.......@.......######### .#
#.###.......##...............
.####.......ยง....#.#'##.#########
..........g###...#.#.##.....#####
.####..###.# #.>......+.....+....
.# #..# #.# #...#.#.##.....#####
.####..###g###)..#.#.##.....#
.......(.((.(()..###.##.....#
.............(g... .....#####


You could see a gnoll and a friendly rat (summoned).

Vanquished Creatures
  A bat (D:1)
  A giant cockroach (D:1)
  A goblin (D:2)
  A rat (D:2)
4 creatures vanquished.

Vanquished Creatures (collateral kills)
  6 gnolls (D:2)
  An adder (D:2)
  A worm (D:2)
  3 dart slugs (D:1)
  A leopard gecko (D:2)
  2 goblins (D:1)
  4 hobgoblins
  2 jackals (D:2)
  A quokka (D:2)
  2 ball pythons
  A bat (D:1)
  A frilled lizard (D:2)
  5 kobolds
  6 rats
36 creatures vanquished.

Grand Total: 40 creatures vanquished

Notes
Turn   | Place    | Note
-------+----------+-------------------------------------------
     0 | D:1      | jlumianski the Felid Summoner began the quest for the Orb.
     0 | D:1      | Reached XP level 1. HP: 7/7 MP: 4/4
   529 | D:1      | Reached XP level 2. HP: 11/11 MP: 0/6
   663 | D:1      | Learned a level 2 spell: Call Imp
  1731 | D:2      | Reached XP level 3. HP: 5/14 MP: 0/8
  1738 | D:1      | Learned a level 3 spell: Call Canine Familiar
  2786 | D:2      | Gained mutation: Your body sometimes deteriorates upon
                  | taking damage. [potion of mutation]
  2786 | D:2      | Gained mutation: You possess an exceptional clarity of
                  | mind. [potion of mutation]
  2787 | D:2      | Lost mutation: You possess an exceptional clarity of mind.
                  | [potion of mutation]
  2787 | D:2      | Lost mutation: Your body sometimes deteriorates upon taking
                  | damage. [potion of mutation]
  2787 | D:2      | Gained mutation: You are occasionally teleported next to
                  | monsters. [potion of mutation]
  2787 | D:2      | Gained mutation: You are weak. (Str -2) [potion of
                  | mutation]
  2787 | D:2      | Gained mutation: You are robust. (+10% HP) [potion of
                  | mutation]
  2787 | D:2      | Gained mutation: You have a pair of small antennae on your
                  | head. [potion of mutation]
  3010 | D:2      | Shot with a sling bullet by a gnoll

Illustrated notes

Levels and vault maps discovered:
D:1:      shiori_arrival_elements, layout_loops_ring
D:2:      layout_basic

Skill      XL: |  1  2  3 |
---------------+----------+-----
Spellcasting   | 3 |  3.0
Fighting       | |  0.2
Dodging        | |  2.8
Stealth        | |  2.8
Unarmed Combat | |  0.1
Summonings     | |  4.7

Action                   || total
-------------------------++-------
Melee: Unarmed           ||    12
       Bite              ||     2
 Cast: Summon Small Mamm ||    70
       Call Imp          ||    22
       Call Canine Famil ||     7
  Use: Potion            ||     3
 Stab: Sleeping          ||     5
Dodge: Dodged            ||    28
